 Dungeon Crawl Stone Soup version 0.17.2 (webtiles) character file.

11517 Goblin1989 the Thaumaturge (level 11, -1/66 (68) HPs)
             Began as a Demonspawn Wanderer on July 5, 2016.
             Was a Priest of Vehumet.
             Shot with an arrow of frost by a centaur (3 damage)
             ... on level 11 of the Dungeon on July 7, 2016.
             The game lasted 01:18:10 (18541 turns).

Goblin1989 the Thaumaturge (Demonspawn Wanderer)   Turns: 18541, Time: 01:18:10

HP:   -1/66 (68)    AC:  6    Str: 13    XL:     11   Next: 50%
MP:   0/25          EV: 14    Int: 16    God:    Vehumet [***...]
Gold: 553           SH:  0    Dex: 13    Spells: 5 memorised, 15 levels left

rFire  . . .     SeeInvis .     b - staff of wizardry {wiz+, !a}
rCold  . . .     Clarity  .     w - +1 robe
rNeg   . . .     SustAt   .     (no shield)
rPois  .         Gourm    .     (helmet unavailable)
rElec  .         Spirit   +     (no cloak)
rCorr  .         Warding  .     (no gloves)
rMut   .         Stasis   .     (no boots)
MR     .....                    (no amulet)
Stlth  ++........               c - +3 ring of protection
                                v - ring of stealth {Stlth+}

@: not resistant to hostile enchantments, unstealthy
A: horns 3, repulsion field 2, magic shield, magic regeneration, rot immunity
a: Renounce Religion


You were on level 11 of the Dungeon.
You worshipped Vehumet.
Vehumet was most pleased with you.
You were hungry.

You visited 2 branches of the dungeon, and saw 13 of its levels.

You collected 586 gold pieces.
You spent 33 gold pieces at shops.

Inventory:

Hand Weapons
 a - the +6 quarterstaff of Subterfuge {freeze, rElec rN+ SInv}
   (You found it on level 10 of the Dungeon)

   It has been specially enchanted to freeze those struck by it, causing extra
   injury to most foes and up to half again as much damage against particularly
   susceptible opponents.
   It can also slow down cold-blooded creatures.
   It insulates you from electricity.
   It protects you from negative energy.
   It lets you see invisible.
 O - a +6 blowgun
Missiles
 N - 7 curare-tipped needles
 P - 22 poisoned needles
Armour
 w - a +1 robe (worn)
Magical Staves
 b - an uncursed staff of wizardry (weapon) {wiz+, !a}
Jewellery
 c - a +3 ring of protection (right hand)
 p - an uncursed ring of positive energy {rN+}
 v - a ring of stealth (left hand) {Stlth+}
Wands
 r - a wand of magic darts (23)
 F - a wand of paralysis (7)
 J - a wand of disintegration (10)
 M - a wand of cold (5)
Scrolls
 h - 2 scrolls of amnesia
 i - 4 scrolls of fear
 j - 4 scrolls of fog
 l - 2 scrolls of noise {unknown}
 n - 2 scrolls of immolation {unknown}
 o - 5 scrolls of enchant armour
 s - 2 scrolls of torment {unknown}
 x - 4 scrolls of magic mapping {!r}
 y - a scroll of acquirement {unknown}
 z - 2 scrolls of recharging {unknown}
 A - 3 scrolls of teleportation
 C - 2 scrolls of remove curse
 D - a scroll of blinking {unknown}
Potions
 d - a potion of ambrosia {!q}
 g - 4 potions of magic
 k - 2 potions of haste
 m - 5 potions of heal wounds
 t - 2 potions of cure mutation {!q}
 u - 3 potions of might
 B - a potion of flight
 E - a potion of agility
 G - 2 potions of brilliance
 H - a potion of poison {unknown}
 I - a potion of invisibility {unknown}
 K - 2 potions of curing {unknown}
Comestibles
 e - 8 bread rations
 f - 4 meat rations
 q - 7 slices of pizza


   Skills:
 - Level 1.1 Throwing
   Level 1.0 Shields
 * Level 10.9 Spellcasting
 + Level 10.5 Conjurations
   Level 1.7 Translocations
 + Level 9.6 Fire Magic


You had 15 spell levels left.
You knew the following spells:

 Your Spells              Type           Power        Failure   Level  Hunger
a - Flame Tongue          Conj/Fire      #####        1%          1    None
b - Conjure Flame         Conj/Fire      #####...     1%          3    None
c - Inner Flame           Hex/Fire       ###.....     1%          3    None
d - Sticky Flame          Conj/Fire      #####...     1%          4    ###....
e - Fireball              Conj/Fire      #####.....   1%          5    #####..


Dungeon Overview and Level Annotations

Branches:
Dungeon (12/15)            Temple (1/1) D:5
   Lair: D:8-11         Orc: D:9-12

Altars:
Ashenzari
Cheibriados
Dithmenos
Elyvilon
Fedhas
Gozag
Kikubaaqudgha
Makhleb
Nemelex Xobeh
Okawaru
Qazlal
Ru
Sif Muna
Trog
Vehumet
Xom
Yredelemnul
Zin
The Shining One

Shops:
D:5 *

Annotations:
D:2 Ijyb
D:4 Robin
D:9 exclusion: orange crystal statue, Goblin1989's ghost, novice DsTm


Innate Abilities, Weirdness & Mutations

You have a pair of large horns on your head.
You are surrounded by a moderate repulsion field (EV +3).
When hurt, damage is shared between your health and your magic reserves.
You regenerate magic rapidly.
You are immune to rotting.


Message History

You see here an arrow of frost.
The centaur shoots an arrow of frost.
The arrow of frost hits you but does no damage.
The arrow of frost freezes you.
Things that are here:
an arrow of frost; a short sword; a ring mail You take 1 damage, and have 20/66 hp.
Aim: a centaur, wielding a shortbow The flame tongue hits the centaur.
The centaur shoots an arrow of frost.
The arrow of frost hits you!
* * * LOW HITPOINT WARNING * * *
The arrow of frost freezes you.
* * * LOW HITPOINT WARNING * * *
You take 12 damage, and have 8/66 hp.
You now have 3/25 mp.
Aim: a centaur, wielding a shortbow (heavily wounded)
The flame tongue hits the centaur.
The centaur shoots an arrow of frost.
The arrow of frost hits you!
* * * LOW HITPOINT WARNING * * *
The arrow of frost freezes you.
You die...

........#.#)......# .#
.$................# #.#
............).....# #.#
≈h≈.≈≈o.≈≈.c.....(###.###
≈.≈.≈≈≈§................
;.≈.≈≈≈§§≈.......####.##
≈.≈≈≈≈)...#(#........#
≈.≈≈;..†..#(###.#...##
≈.≈≈.≈≈...#@#...(.#.#
≈.≈≈≈≈≈...#.#c#.###.#
≈.≈≈≈≈..#.#.#.#


You could see a centaur.

Vanquished Creatures
  Josephine (D:10)
  Sonja (D:11)
  A hill giant (D:12)
  2 gargoyles
  A centaur skeleton (D:10)
  2 trolls
  2 two-headed ogres
  4 wraiths (D:10)
  2 hippogriffs
  5 yaks (D:10)
  A deep elf mage (D:11)
  2 wyverns
  A water moccasin (D:9)
  2 wolves (D:11)
  A hungry ghost (D:12)
  A black bear (D:7)
  4 orc warriors
  2 necrophages
  4 sky beasts
  4 ice beasts
  2 wasps (D:12)
  4 ogres
  A phantom (D:9)
  9 centaurs
  6 giant frogs
  A water moccasin zombie (D:8)
  6 scorpions
  3 killer bees (D:12)
  2 electric eels (D:11)
  5 hounds
  5 wights (D:9)
  4 crimson imps
  4 giant frog zombies
  3 jellies
  5 orc wizards
  4 giant frog skeletons
  7 iguanas
  8 orc priests
  Natasha (thrice) (D:2)
  5 worker ants
  2 hound zombies
  2 hound skeletons
  2 worker ant zombies
  A gnoll (D:2)
  3 shadow imps
  10 adders
  2 oozes
  2 adder skeletons
  2 adder zombies (D:9)
  A worm (D:2)
  5 giant geckos
  34 orcs
  2 ball pythons
  4 bats
  A bat zombie (D:3)
  6 giant cockroaches
  11 goblins
  7 hobgoblins
  10 jackals
  7 quokkas
  3 giant newts
  8 kobolds
  4 rats
  2 rat zombies (D:3)
261 creatures vanquished.

Vanquished Creatures (others)
  A bat (D:1)
1 creature vanquished.

Grand Total: 262 creatures vanquished

Notes
Turn   | Place    | Note
--------------------------------------------------------------
     0 | D:1      | Goblin1989 the Demonspawn Wanderer began the quest for the Orb.
     0 | D:1      | Goblin1989 set off with: a book of Flames, a scroll of teleportation, a +0 robe, a +0 dagger, a bread ration
     0 | D:1      | Reached XP level 1. HP: 13/13 MP: 5/5
     2 | D:1      | Learned a level 1 spell: Flame Tongue
   401 | D:1      | Gained mutation: You have a pair of small horns on your head. [demonic ancestry]
   401 | D:1      | Reached XP level 2. HP: 19/19 MP: 5/7
   869 | D:1      | Reached skill level 1 in Conjurations
  1346 | D:2      | Gained mutation: You have a pair of horns on your head. [demonic ancestry]
  1346 | D:2      | Reached XP level 3. HP: 24/24 MP: 1/8
  1358 | D:2      | Learned a level 3 spell: Conjure Flame
  1604 | D:2      | Noticed Natasha
  1610 | D:2      | Killed Natasha
  2021 | D:2      | Noticed Natasha
  2027 | D:2      | Killed Natasha
  2027 | D:2      | Gained mutation: You are surrounded by a mild repulsion field (EV +2). [demonic ancestry]
  2027 | D:2      | Reached XP level 4. HP: 21/30 MP: 5/10
  2279 | D:2      | Noticed Ijyb
  2484 | D:2      | Learned a level 3 spell: Inner Flame
  2906 | D:2      | Found a shadowy altar of Dithmenos.
  3248 | D:2      | Noticed Natasha
  3254 | D:2      | Killed Natasha
  3675 | D:3      | Found an ancient bone altar of Kikubaaqudgha.
  3746 | D:3      | Learned a level 4 spell: Sticky Flame
  3775 | D:3      | Found a bloodstained altar of Trog.
  4183 | D:3      | Reached XP level 5. HP: 22/35 MP: 1/11
  4645 | D:4      | Noticed Robin
  5348 | D:5      | Entered Level 5 of the Dungeon
  5354 | D:5      | Gained mutation: You are surrounded by a moderate repulsion field (EV +3). [demonic ancestry]
  5354 | D:5      | Reached XP level 6. HP: 37/41 MP: 10/13
  5554 | D:5      | Found Iseufem's General Store.
  5560 | D:5      | Bought a scroll of identify for 22 gold pieces
  5560 | D:5      | Bought a scroll of random uselessness for 11 gold pieces
  5944 | D:5      | Reached skill level 5 in Spellcasting
  5979 | D:5      | Found a white marble altar of Elyvilon.
  6052 | D:5      | Found a staircase to the Ecumenical Temple.
  6058 | Temple   | Entered the Ecumenical Temple
  6229 | D:5      | Gained mutation: When hurt, damage is shared between your health and your magic reserves. [demonic ancestry]
  6229 | D:5      | Reached XP level 7. HP: 46/46 MP: 9/14
  6309 | D:5      | Noticed an ice beast
  6317 | D:5      | Killed an ice beast
  6835 | D:5      | Reached skill level 5 in Conjurations
  7202 | D:6      | Reached skill level 5 in Fire Magic
  7361 | D:6      | Found a radiant altar of Vehumet.
  7374 | D:6      | Became a worshipper of Vehumet
  7811 | D:6      | Reached skill level 6 in Conjurations
  7811 | D:6      | Gained mutation: You regenerate magic rapidly. [demonic ancestry]
  7811 | D:6      | Reached XP level 8. HP: 14/52 MP: 1/16
  8101 | D:6      | Learned a level 5 spell: Fireball
  8244 | D:7      | Found an opulent altar of Gozag.
  9617 | D:8      | Reached skill level 7 in Conjurations
 10328 | D:8      | Reached * piety under Vehumet
 10328 | D:8      | Offered knowledge of Magic Dart by Vehumet.
 10731 | D:8      | Reached XP level 9. HP: 46/55 MP: 10/18
 11804 | D:9      | Reached skill level 8 in Conjurations
 12008 | D:9      | Noticed Goblin1989's ghost (novice DsTm)
 12501 | D:9      | Found a glowing silver altar of Zin.
 12750 | D:9      | Found a sparkling altar of Nemelex Xobeh.
 12985 | D:10     | Entered Level 10 of the Dungeon
 13035 | D:10     | Got a shimmering quarterstaff
 13036 | D:10     | Identified the +6 quarterstaff of Subterfuge {freeze, rElec rN+ SInv} (You found it on level 10 of the Dungeon)
 13168 | D:10     | Noticed a centaur skeleton
 13180 | D:10     | Killed a centaur skeleton
 13180 | D:10     | Gained mutation: You have a pair of large horns on your head. [demonic ancestry]
 13180 | D:10     | Reached XP level 10. HP: 61/61 MP: 13/22
 13182 | D:10     | Offered knowledge of Shock by Vehumet.
 13184 | D:10     | Reached ** piety under Vehumet
 13363 | D:10     | Noticed a gargoyle
 13371 | D:10     | Killed a gargoyle
 13371 | D:10     | Reached skill level 9 in Conjurations
 13939 | D:10     | Noticed Josephine
 13943 | D:10     | Killed Josephine
 15071 | D:9      | Offered knowledge of Throw Frost by Vehumet.
 15198 | D:9      | Noticed an orange crystal statue
 15845 | D:10     | Reached skill level 10 in Spellcasting
 15860 | D:11     | Gained mutation: You are immune to rotting. [demonic ancestry]
 15860 | D:11     | Reached XP level 11. HP: 66/66 MP: 20/25
 15981 | D:10     | Reached skill level 10 in Conjurations
 16180 | D:11     | Reached *** piety under Vehumet
 16537 | D:12     | Noticed a hill giant
 16550 | D:12     | Killed a hill giant
 16550 | D:12     | Offered knowledge of Throw Icicle by Vehumet.
 17406 | D:11     | Noticed Sonja
 17420 | D:11     | Killed Sonja
 18541 | D:11     | HP: 2/66 [centaur/arrow of frost (6)]
 18541 | D:11     | Shot with an arrow of frost by a centaur

Action                   |  1- 3 |  4- 6 |  7- 9 | 10-12 || total
-------------------------+-------+-------+-------+-------++-------
Melee: Dagger            |     5 |    18 |    93 |       ||   116
       Quarterstaff      |       |       |     4 |    14 ||    18
 Cast: Flame Tongue      |    62 |   132 |   230 |   271 ||   695
       Conjure Flame     |     2 |     4 |     4 |    29 ||    39
       Sticky Flame      |       |     1 |    23 |    24 ||    48
       Fireball          |       |       |     8 |    28 ||    36
       Inner Flame       |       |       |       |     9 ||     9
Evoke: Wand              |       |       |       |     1 ||     1
  Use: Scroll            |       |     8 |     6 |     1 ||    15
 Stab: Sleeping          |       |       |     1 |       ||     1
  Eat: Chunk             |     2 |     7 |     9 |    19 ||    37
       Bread ration      |       |     1 |       |       ||     1
       Royal jelly       |       |     2 |       |       ||     2
       Meat ration       |       |       |     2 |     1 ||     3
       Fruit             |       |       |     5 |       ||     5
       Beef jerky        |       |       |     2 |       ||     2
       Pizza             |       |       |       |     1 ||     1
